 Dungeon Crawl Stone Soup version 0.24-a0-317-g5cb8de4b22 (webtiles) character file.

Game seed: 17739496975014793601

26116 HAL9000 the Covert (level 13, -11/63 HPs)
             Began as a Vine Stalker Assassin on May 16, 2019.
             Was an Elder of Uskayaw.
             Mangled by a seven-headed hydra (13 damage)
             ... on level 6 of the Lair of Beasts.
             The game lasted 00:50:03 (17868 turns).

HAL9000 the Covert (Vine Stalker Assassin)         Turns: 17868, Time: 00:50:03

Health: -11/63     AC:  8    Str: 18    XL:     13   Next: 23%
Magic:  0/23       EV: 11    Int: 13    God:    Uskayaw [****..]
Gold:   889        SH:  0    Dex: 18    Spells: 16/24 levels left

rFire    . . .     SeeInvis .   a - +1 dagger (elec)
rCold    . . .     Gourm    .   (no shield)
rNeg     . . .     Faith    .   C - +0 leather armour
rPois    +         Spirit   +   e - +1 hat {MR+}
rElec    .         Reflect  .   Q - +2 cloak {rPois}
rCorr    .         Harm     .   (no gloves)
MR       +++..                  (no boots)
Stlth    ++++++....             w - amulet of magic regeneration
HPRegen  1.00/turn              u - ring of protection from magic
MPRegen  0.43/turn              x - +3 ring of strength

@: about to teleport
A: fangs 3, regeneration 2, magic shield, antimagic bite, no potion heal 3, rot
immunity
a: Stomp, Line Pass, Renounce Religion


You were on level 6 of the Lair of Beasts.
You worshipped Uskayaw.
Uskayaw was noncommittal.
You were hungry.

You visited 3 branches of the dungeon, and saw 16 of its levels.
You also visited: Sewer.

You collected 889 gold pieces.

Inventory:

Hand Weapons
 a - a +1 dagger of electrocution (weapon)
 c - the +9 great sword of Izyroon {speed, Str+7}
   (You took it off an orc warrior on level 6 of the Dungeon)

   Attacks with this weapon are significantly faster.
   It affects your strength (+7).
 U - a +3 triple crossbow
Missiles
 d - 24 poisoned darts (quivered)
 A - a throwing net
 L - a curare-tipped dart
 T - an atropa-tipped dart
Armour
 e - a +1 hat of magic resistance (worn)
 B - a +0 shield
 C - a +0 leather armour (worn)
 K - a +2 large shield
 Q - a +2 cloak of poison resistance (worn)
Jewellery
 u - a ring of protection from magic (left hand)
 w - an amulet of magic regeneration (around neck)
 x - a +3 ring of strength (right hand)
 y - an uncursed ring of wizardry
 F - an uncursed ring of see invisible
 M - an uncursed amulet of rage
Wands
 o - a wand of flame (35)
 v - a wand of digging (5)
 H - a wand of enslavement (16)
 I - a wand of iceblast (5)
 N - a wand of clouds (7)
 O - a wand of polymorph (6)
 S - a wand of acid (24)
 X - a wand of disintegration (28)
Scrolls
 b - a scroll of noise {unknown}
 g - 3 scrolls of holy word
 i - 5 scrolls of amnesia {unknown}
 l - 3 scrolls of enchant armour
 p - 3 scrolls of blinking
 s - 2 scrolls of enchant weapon
 z - a scroll of silence {unknown}
 G - a scroll of fog {unknown}
 W - 2 scrolls of remove curse
 Y - a scroll of magic mapping
 Z - a scroll of identify
Potions
 h - 2 potions of might
 j - 3 potions of invisibility
 k - a potion of berserk rage
 m - a potion of resistance
 n - 4 potions of curing
 r - 2 potions of flight
 t - a potion of ambrosia
 D - a potion of mutation
 E - a potion of cancellation
 J - 2 potions of magic
 R - a potion of brilliance
Miscellaneous
 P - a fan of gales
Comestibles
 f - 27 rations


   Skills:
 - Level 5.0 Fighting
 - Level 10.0(11.7) Short Blades
 + Level 10.2(11.8) Long Blades
 - Level 4.0 Throwing
 + Level 5.9 Armour
 - Level 0.7 Dodging
 - Level 14.5 Stealth
 - Level 6.1 Spellcasting


You had 16 spell levels left.
You knew the following spells:

 Your Spells              Type           Power        Failure   Level  Hunger
a - Ozocubu's Armour      Chrm/Ice       #.......     50%         3    ###....
b - Metabolic Englaciati  Hex/Ice        #.........   99%         5    ######.

Your spell library contained the following spells:

 Spells                   Type           Power        Failure   Level  Hunger
 Freeze                   Ice            #...         19%         1    None
 Corpse Rot               Necr           N/A          28%         2    #......
 Ensorcelled Hibernation  Hex/Ice        #.....       28%         2    #......
 Ignite Poison            Fire/Tmut/Pois #.......     50%         3    ###....
 Mephitic Cloud           Conj/Pois/Air  #.......     50%         3    ###....
 Stone Arrow              Conj/Erth      #.....       50%         3    ###....
 Leda's Liquefaction      Hex/Erth       #.........   88%         4    ####...
 Summon Ice Beast         Ice/Summ       #.......     88%         4    ####...
 Throw Icicle             Conj/Ice       #.......     88%         4    ####...
 Summon Forest            Summ/Tloc      #.........   99%         5    ######.
 Hydra Form               Tmut           #.........   100%        6    #######
 Summon Hydra             Summ           #.........   100%        7    #######
 Discord                  Hex            #.........   100%        8    #######


Dungeon Overview and Level Annotations

Branches:
Dungeon (9/15)             Temple (1/1) D:5            Lair (6/6) D:8
 Shoals (0/4) Lair:4        Snake (0/4) Lair:2        Slime (0/5) Lair:5
    Orc: D:9-12

Altars:
Ashenzari
Cheibriados
Dithmenos
Elyvilon
Fedhas
Gozag
Hepliaklqana
Kikubaaqudgha
Makhleb
Nemelex Xobeh
Okawaru
Qazlal
Ru
Trog
Uskayaw
Wu Jian
Xom
Zin
Beogh

Annotations:
Lair:2 3 runed translucent doors, Findor's ghost, journeyman OgFi


Innate Abilities, Weirdness & Mutations

You have razor-sharp teeth.
You heal very quickly.
When hurt, damage is shared between your health and your magic reserves.
Your bite disrupts and absorbs the magic of your enemies.
Potions cannot restore your health.
You are immune to rotting.


Message History

Wield which item (- for none, * to show all)? (? for menu, Esc to quit)
You hear the crackle of electricity.
a - a +1 dagger of electrocution (weapon)
The seven-headed hydra bites you!
The seven-headed hydra bites you but does no damage.
The seven-headed hydra bites you. The seven-headed hydra bites you!
The seven-headed hydra barely misses you.
The seven-headed hydra bites you! x2
* * * LOW HITPOINT WARNING * * *
As you read the scroll of teleportation, it crumbles to dust.
You feel strangely unstable. The seven-headed hydra bites you.
* * * LOW HITPOINT WARNING * * *
The seven-headed hydra bites you!
* * * LOW HITPOINT WARNING * * *
The seven-headed hydra barely misses you.
The seven-headed hydra bites you but does no damage. x2
The seven-headed hydra bites you.
* * * LOW HITPOINT WARNING * * *
The seven-headed hydra bites you!
You die...

.......†.....#.#.# #.#.
.....t...#.............#
.....%...# ###.#.#.#.#..
........## ..........
......S..# ##.#.#.#.#
..........# #.........
%........P.###Y#Y#.#.#..
..l.YYyYD......#
..l...#Y#@#.#.##
.......###.# ......# ##
...(.. ..... .... ...


You could see a seven-headed hydra, an elephant, a komodo dragon, 4 yaks and a
vampire mosquito.

Vanquished Creatures
  Gastronok (Lair:2)
  A hydra (Lair:4)
  2 black mambas
  6 elephants
  An eye of devastation (Lair:5)
  A torpor snail (Lair:5)
  5 spiny frogs
  The ghost of Shaidar the Magician, a novice DrWz (D:6)
  7 komodo dragons
  A polar bear (Lair:1)
  Prince Ribbit (Lair:1)
  6 dream sheep (Lair:5)
  8 hippogriffs
  12 blink frogs
  31 yaks
  A wyvern (Lair:4)
  4 hogs (D:7)
  A human (D:7)
  Grum (D:8)
  A basilisk (Lair:2)
  2 nagas (Lair:2)
  5 porcupines
  3 water moccasins
  2 ice beasts (D:7)
  2 orc warriors (D:6)
  An eye of draining (Lair:5)
  3 sky beasts
  2 phantoms
  5 ogres
  16 wolves
  2 centaurs (D:6)
  4 crocodiles
  11 bullfrogs
  A wyvern zombie (D:7)
  A gnoll sergeant (D:7)
  5 scorpions
  An electric eel (Lair:2)
  3 howler monkeys
  7 crimson imps
  3 hounds
  A quasit (D:7)
  4 orc wizards
  3 bullfrog skeletons
  6 orc priests
  An iguana (D:4)
  5 worker ants
  A hound zombie (D:8)
  2 hound skeletons
  Robin (D:3)
  10 gnolls
  A river rat (D:6)
  11 adders
  2 shadow imps
  2 adder skeletons
  4 worms
  A dart slug (D:2)
  4 leopard geckos
  29 orcs
  19 bats
  4 giant cockroaches
  18 goblins
  14 hobgoblins
  7 jackals (D:1)
  5 quokkas
  A ball python (D:6)
  11 frilled lizards
  A jackal skeleton (D:6)
  6 kobolds
  A leopard gecko skeleton (D:4)
  A leopard gecko zombie (D:8)
  A quokka skeleton (D:4)
  16 rats
  2 fungi (Lair:2)
  A plant (D:8)
367 creatures vanquished.

Vanquished Creatures (others)
  6 fungi (Lair:2)
  12 plants
  4 toadstools (D:1)
22 creatures vanquished.

Grand Total: 389 creatures vanquished

Notes
Turn   | Place    | Note
-------+----------+-------------------------------------------
     0 | D:1      | HAL9000 the Vine Stalker Assassin began the quest for the
                  | Orb.
     0 | D:1      | Reached XP level 1. HP: 11/11 MP: 2/2
   104 | D:1      | Reached XP level 2. HP: 9/15 MP: 3/3
   769 | D:1      | Reached XP level 3. HP: 18/18 MP: 4/4
  1587 | D:2      | Gained mutation: Your natural rate of healing is unusually
                  | fast. [Vine Stalker growth]
  1587 | D:2      | Reached XP level 4. HP: 23/23 MP: 5/5
  2106 | D:2      | Found a burning altar of Makhleb.
  2180 | D:3      | Reached XP level 5. HP: 23/26 MP: 4/6
  2667 | D:3      | Reached skill level 5 in Short Blades
  2973 | D:3      | Noticed Robin
  3018 | D:3      | Killed Robin
  3408 | D:3      | Reached XP level 6. HP: 30/30 MP: 5/7
  3582 | D:4      | Noticed a phantom
  3943 | D:4      | Reached XP level 7. HP: 30/34 MP: 6/8
  4447 | D:4      | Found a glowing silver altar of Zin.
  4750 | D:5      | Entered Level 5 of the Dungeon
  4767 | D:5      | Gained mutation: You have razor-sharp teeth. [Vine Stalker
                  | growth]
  4767 | D:5      | Reached XP level 8. HP: 38/38 MP: 9/9
  4877 | D:5      | Found a staircase to the Ecumenical Temple.
  4888 | Temple   | Entered the Ecumenical Temple
  4993 | Temple   | Became a worshipper of Uskayaw the Reveler
  5115 | D:5      | Reached * piety under Uskayaw
  5117 | D:5      | Reached ** piety under Uskayaw
  5257 | D:5      | Reached *** piety under Uskayaw
  5729 | D:6      | Reached skill level 10 in Short Blades
  5795 | D:6      | Found a glowing drain.
  5816 | Sewer    | Entered a sewer
  5862 | Sewer    | Reached skill level 5 in Stealth
  5950 | D:6      | Reached XP level 9. HP: 42/42 MP: 10/10
  5994 | D:6      | Found a runed translucent gate.
  5994 | D:6      | Found a runed translucent gate.
  5994 | D:6      | Found a runed translucent gate.
  5995 | D:6      | Identified the +9 great sword of Izyroon {speed, Str+7}
  5995 | D:6      | Noticed Shaidar's ghost (novice DrWz)
  6330 | D:6      | Found a roughly hewn altar of Beogh.
  6422 | D:6      | Reached skill level 6 in Stealth
  7001 | D:7      | Reached skill level 7 in Stealth
  7001 | D:7      | Reached skill level 1 in Spellcasting
  7442 | D:7      | Reached skill level 8 in Stealth
  7480 | D:7      | Reached skill level 9 in Stealth
  7706 | D:8      | Found a staircase to the Lair.
  7707 | D:8      | Noticed a komodo dragon
  7755 | D:8      | Reached XP level 10. HP: 46/46 MP: 15/17
  8234 | D:7      | Reached skill level 10 in Stealth
  8804 | D:8      | Noticed Grum
  8841 | D:8      | Killed Grum
  8841 | D:8      | Reached **** piety under Uskayaw
  8854 | D:8      | Reached skill level 11 in Stealth
  8854 | D:8      | Reached ***** piety under Uskayaw
  8866 | D:8      | Reached skill level 5 in Spellcasting
  9388 | D:9      | Noticed a two-headed ogre
  9500 | Lair:1   | Entered Level 1 of the Lair of Beasts
  9500 | Lair:1   | Noticed a spiny frog
  9503 | Lair:1   | Killed a spiny frog
  9708 | Lair:1   | Reached skill level 12 in Stealth
  9715 | Lair:1   | Noticed Prince Ribbit
 10016 | Lair:1   | Killed Prince Ribbit
 10033 | Lair:1   | Noticed a black mamba
 10033 | Lair:1   | a blink frog changed into a black mamba
 10114 | Lair:1   | Killed a black mamba
 10114 | Lair:1   | Reached skill level 13 in Stealth
 10114 | Lair:1   | Reached XP level 11. HP: 28/50 MP: 11/21
 10299 | Lair:2   | Found a staircase to the Snake Pit.
 10372 | Lair:2   | Found a runed translucent gate.
 10372 | Lair:2   | Found a runed translucent gate.
 10372 | Lair:2   | Found a runed translucent gate.
 10375 | Lair:2   | Noticed Gastronok
 10389 | Lair:2   | Noticed Findor's ghost (journeyman OgFi)
 10700 | Lair:1   | Reached skill level 1 in Armour
 11940 | Lair:2   | Killed Gastronok
 12121 | D:6      | Reached skill level 5 in Fighting
 12211 | D:6      | Killed Shaidar's ghost
 13099 | Lair:2   | Reached skill level 14 in Stealth
 13280 | Lair:1   | Reached skill level 5 in Armour
 14265 | Lair:3   | Gained mutation: You heal very quickly. [Vine Stalker
                  | growth]
 14265 | Lair:3   | Reached XP level 12. HP: 56/60 MP: 19/22
 14364 | Lair:3   | Reached skill level 1 in Long Blades
 15103 | Lair:4   | Identified Noewaneo's Tome of Enchantment and Intoxication
 15212 | Lair:4   | Reached skill level 5 in Long Blades
 15471 | Lair:4   | Identified the Collected Works on Venom and the Glacier
 15477 | Lair:4   | Learned a level 3 spell: Ozocubu's Armour
 15483 | Lair:4   | Learned a level 5 spell: Metabolic Englaciation
 15631 | Lair:4   | Found a staircase to the Shoals.
 15663 | Lair:4   | Noticed a seven-headed hydra
 15668 | Lair:4   | Killed a seven-headed hydra
 16451 | Lair:5   | Reached ****** piety under Uskayaw
 17186 | Lair:5   | Reached XP level 13. HP: 63/63 MP: 23/23
 17257 | Lair:5   | Found a staircase to the Slime Pits.
 17648 | Lair:6   | Entered Level 6 of the Lair of Beasts
 17712 | Lair:5   | Reached skill level 10 in Long Blades
 17868 | Lair:6   | HP: 2/63 [seven-headed hydra (3)]
 17868 | Lair:6   | Mangled by a seven-headed hydra

Levels and vault maps discovered:
D:1:      dpeg_arrival_houses_and_road, layout_loops_ring, minmay_statues_item,
          minmay_gold_behind_fungi, kennysheep_pointless_box
D:2:      layout_loops_ring, marbit_many_paths
D:3:      layout_basic, first_ration, minmay_mini_jars, uniq_robin
D:4:      layout_loops_cross, kennysheep_little_box
D:5:      layout_loops_ring, minmay_temple_entry_mini_moons,
          minmay_stone_trees_small
D:6:      layout_loops_ring, biasface_ghost_orc_armoury, portal_sewer_entry_a
D:7:      layout_basic, grunt_livestock
D:8:      layout_layer_cave, david_lair_shrubbed, minivault_5, uniq_grum
D:9:      layout_small_grid, chequers_temple_overflow_minitemple
Temple:   kb_temple_of_zot
Lair:1:   layout_big_grid, uniq_prince_ribbit2
Lair:2:   layout_roguey, guppyfry_snake_entry_garden, gammafunk_ghost_icy,
          nicolae_quartered_pool_super, st_stairs_12, serial_bayou_shore_a,
          uniq_gastronok
Lair:3:   layout_roguey, fungi_pond_lemuel
Lair:4:   layout_small_grid, shoals_dummy_entry
Lair:5:   layout_cave_pods, minmay_slime_entry_eyes
Lair:6:   minmay_lair_end_frog_pond, layout_small_grid, st_stairs_9

Skill      XL: |  1  2  3  4  5  6  7  8  9 10 11 12 13 |
---------------+----------------------------------------+-----
Short Blades   | 2 3 4 5 6 8 10 | 10.0
Throwing       | 2 4 |  4.0
Stealth        | 5 9 13 14 | 14.5
Spellcasting   | 4 6 |  6.1
Fighting       | 5 |  5.0
Armour         | 5 |  5.9
Long Blades    | 8 10 | 10.2
Dodging        | |  0.7

Action                   |  1- 3 |  4- 6 |  7- 9 | 10-12 | 13-15 || total
-------------------------+-------+-------+-------+-------+-------++-------
Melee: Dagger            |   118 |   293 |   369 |   545 |     8 ||  1333
       Bite              |    19 |    95 |   157 |   284 |    19 ||   574
       Great sword       |       |       |       |   128 |    38 ||   166
Throw: Dart              |       |    13 |    11 |    41 |     2 ||    67
       Throwing net      |       |       |     1 |     2 |       ||     3
Invok: Stomp             |       |       |     3 |       |       ||     3
       Line Pass         |       |       |     1 |     3 |     1 ||     5
Evoke: Wand              |       |       |       |     2 |       ||     2
  Use: Scroll            |       |     6 |     7 |    14 |     2 ||    29
       Potion            |       |       |       |     6 |       ||     6
 Stab: Sleeping          |     9 |    15 |    14 |    26 |     2 ||    66
       Distracted        |     1 |       |     1 |       |     1 ||     3
       Paralysed         |       |       |     3 |    19 |     7 ||    29
       Held in net/web   |       |       |     1 |     1 |       ||     2
       Invisible         |       |       |       |     3 |       ||     3
       Confused          |       |       |       |       |     1 ||     1
  Eat: Chunk             |     2 |     8 |    12 |    31 |     2 ||    55
Armor: Robe              |    23 |    43 |       |       |       ||    66
       Leather armour    |       |     4 |    64 |   104 |     5 ||   177
Dodge: Dodged            |    60 |   145 |   115 |   257 |    25 ||   602
       Rpst.: Great sword |       |       |       |    17 |     3 ||    20

Table legend:
 A = Non-vault XP
 B = Vault XP
 C = Vault XP percentage of total XP
 D = Non-vault monster count
 E = Vault monster count
 F = Vault count percentage of total count
                 A         B        C        D         E       F
            +---------+---------+-------+---------+---------+-------
      Total |   29504 |    7805 |  20.9 |     298 |      66 |  18.1
            +---------+---------+-------+---------+---------+-------
        D:1 |      50 |       0 |   0.0 |      33 |       0 |   0.0
        D:2 |     115 |       5 |   4.2 |      30 |       1 |   3.2
        D:3 |     233 |      54 |  18.8 |      31 |      23 |  42.6
        D:4 |     718 |       0 |   0.0 |      25 |       0 |   0.0
        D:5 |     866 |       0 |   0.0 |      20 |       0 |   0.0
        D:6 |     567 |     720 |  55.9 |      13 |      13 |  50.0
        D:7 |    1090 |    1342 |  55.2 |      15 |       6 |  28.6
        D:8 |     763 |     658 |  46.3 |      23 |       5 |  17.9
     Lair:1 |    3355 |    1540 |  31.5 |      12 |       5 |  29.4
     Lair:2 |    3259 |    2502 |  43.4 |      19 |       3 |  13.6
     Lair:3 |    3695 |       0 |   0.0 |      14 |       0 |   0.0
     Lair:4 |    5000 |       0 |   0.0 |      18 |       0 |   0.0
     Lair:5 |    8328 |     877 |   9.5 |      39 |       4 |   9.3
     Lair:6 |    1465 |       0 |   0.0 |       6 |       0 |   0.0
      Sewer |       0 |     107 | 100.0 |       0 |       6 | 100.0
            +---------+---------+-------+---------+---------+-------
